 Dungeon Crawl Stone Soup version 0.31.0-12-g77e489cdc1 (webtiles) character file.

Game seed: 6800927037448210791

2766 DildoBatman the Apothecary (level 10, -6/62 (74) HPs)
             Began as a Formicid Conjurer on Feb 17, 2024.
             Was an Initiate of Gozag.
             Killed by miscasting Dispel Undead (9 damage)
             ... in a bailey.
             The game lasted 00:33:20 (9418 turns).

DildoBatman the Apothecary (Formicid Conjurer)      Turns: 9418, Time: 00:33:20

HP:   -6/62 (74)    AC:  4    Str: 16      XL:     10   Next: 1%
MP:   7/17          EV: 12    Int: 33 (36) God:    Gozag
Gold: 401           SH:  0    Dex: 10 (12) Spells: 4/19 levels left

rFire   . . .        s - +5 dagger of Deformation {venom, *Rage Str+4 Int+2}
rCold   . . .        (no shield)
rNeg    . . .        v - +0 robe
rPois   .            (helmet unavailable)
rElec   .            z - +0 cloak
rCorr   .            j - +0 pair of gloves
SInv    +            (no boots)
Will    +....        (no amulet)
Stlth   ++           o - +6 ring of intelligence
HPRegen 0.30/turn    k - +6 ring of intelligence
MPRegen 0.15/turn

%: no passive effects
@: gold aura, very slightly contaminated, heavily drained
A: permanent stasis, dig shafts and tunnels, antennae 3, four strong arms
a: Dig, Renounce Religion, Potion Petition, Call Merchant, Bribe Branch


You were in a bailey.
You worshipped Gozag.
Gozag was aware of your devotion.
You visited 2 branches of the dungeon, and saw 8 of its levels.
You also visited: Sewer and Bailey.

You collected 479 gold pieces.
You paid 78 gold pieces to Gozag.

Inventory:

Hand Weapons
 s - the +5 dagger of Deformation (weapon) {venom, *Rage Str+4 Int+2}
   (You found it on level 7 of the Dungeon)

   Str+4:     It affects your strength (+4).
   Int+2:     It affects your intelligence (+2).
   *Rage:     It berserks you when you make melee attacks (+20% chance).
 A - a +2 trident of freezing
Missiles
 h - 2 curare-tipped darts
 n - 42 poisoned darts (quivered)
 q - 9 boomerangs
Armour
 j - a +0 pair of gloves (worn)
 v - a +0 robe (worn)
 z - a +0 cloak (worn)
Jewellery
 k - a +6 ring of intelligence (right hand)
 o - a +6 ring of intelligence (left hand)
Wands
 l - a wand of polymorph (9)
 W - a wand of paralysis (8)
Scrolls
 c - a scroll of vulnerability
 d - 2 scrolls of silence
 f - a scroll of immolation {unknown}
 i - a scroll of poison
 r - a scroll of enchant weapon {unknown}
 u - a scroll of blinking {unknown}
 x - 2 scrolls of fear
 y - 2 scrolls of revelation {unknown}
Potions
 a - 2 potions of haste {unknown}
 b - a potion of degeneration {unknown}
 e - a potion of brilliance {unknown}
 g - 4 potions of might {unknown}
 m - 2 potions of lignification
 p - a potion of ambrosia {unknown}
 t - 2 potions of curing {unknown}
 w - 4 potions of heal wounds
 B - a potion of invisibility {unknown}


   Skills:
 - Level 5.0 Fighting
 - Level 5.0 Armour
 - Level 3.0 Dodging
 - Level 4.0 Stealth
 + Level 5.2 Spellcasting
 + Level 5.8 Conjurations
 * Level 3.3 Necromancy
 - Level 4.0 Air Magic
 - Level 6.0 Alchemy


You had 4 spell levels left.
You knew the following spells:

 Your Spells              Type           Power      Damage    Failure   Level
a - Searing Ray           Conj           94%        2d7       1%          2
c - Magic Dart            Conj           100%       1d8       1%          1
d - Vampiric Draining     Necr           30%        2d8       3%          3
e - Mephitic Cloud        Conj/Alch/Air  43%        N/A       1%          3
h - Dispel Undead         Necr           30%        3d14      12%         4
z - Sublimation of Blood  Necr           30%        N/A       1%          2

Your spell library contained the following spells:

 Spells                   Type           Power      Damage    Failure   Level
 Kiss of Death            Conj/Necr      100%       2d13      1%          1
 Necrotise                Necr           100%       1d9       1%          1
 Dazzling Flash           Conj/Hex       56%        N/A       4%          3
 Fulminant Prism          Conj/Alch      23%        3d12      4%          4
 Call Imp                 Summ           16%        N/A       7%          2
 Lesser Beckoning         Tloc           16%        N/A       7%          2
 Confusing Touch          Hex            8%         N/A       14%         3
 Gell's Gravitas          Tloc           8%         N/A       14%         3
 Inner Flame              Hex/Fire       8%         N/A       14%         3
 Teleport Other           Tloc           8%         N/A       14%         3
 Tukima's Dance           Hex            8%         N/A       14%         3
 Flame Wave               Conj/Fire      28%        2d9       14%         4
 Iskenderun's Mystic Bla  Conj/Tloc      28%        2d7       14%         4
 Sticky Flame             Fire/Alch      28%        2d7       14%         4
 Anguish                  Hex/Necr       9%         N/A       22%         4
 Martyr's Knell           Necr/Summ      19%        N/A       22%         4
 Dimensional Bullseye     Hex/Tloc       4%         N/A       43%         4
 Curse of Agony           Necr           30%        N/A       32%         5
 Silence                  Hex/Air        10%        N/A       50%         5
 Death Channel            Necr           15%        N/A       87%         6
 Summon Hydra             Summ           4%         N/A       100%        7
 Animate Dead             Necr           Unusable   N/A       N/A         4

Dungeon Overview and Level Annotations

Branches:
Dungeon (7/15)             Temple (1/1) D:5           Sewer (visited)
 Bailey (1/1)

Altars:
Ashenzari
Cheibriados
Dithmenos
Elyvilon
Fedhas
Gozag
Hepliaklqana
Kikubaaqudgha
Okawaru
Ru
Sif Muna
Trog
Uskayaw
Vehumet
Wu Jian
Xom
Yredelemnul
Zin

Shops:
D:1 ![[((


Innate Abilities, Weirdness & Mutations

You cannot be hasted, slowed, berserked, paralysed or teleported.
You can dig through walls and to a lower floor.
You have a pair of large antennae on your head. (SInv)
Your four strong arms can wield two-handed weapons with a shield.


Message History

You hit the orc warrior but do no damage.
The orc warrior looks as sick as possible!
The orc warrior is severely wounded.
The orc warrior hits the orc warrior with a +0 glaive!!
The orc warrior is killed!
You feel your intelligence returning.
Training target 5.0 for Armour reached!
Your Armour skill increases to level 5!
Your Necromancy skill increases to level 3!
You hit the orc warrior but do no damage.
The orc warrior is almost dead.
The orc warrior hits you with a +0 glaive!
You hit the orc warrior.
You kill the orc warrior!
You have reached level 10!
Casting: Mephitic Cloud (safe; 1% risk of failure)
Confirm with . or Enter, or press ? or * to list all spells.
Aiming: Searing Ray (safe; 1% risk of failure)
Press: ? - help, Shift-Dir - straight line, f - orc zombie
Aim: an orc zombie (94% to hit)
Okay, then.
Casting: Searing Ray (safe; 1% risk of failure)
Confirm with . or Enter, or press ? or * to list all spells.
Aiming: Dispel Undead (dangerous; 12% risk of failure)
Press: ? - help, Shift-Dir - straight line, f - orc zombie
Aim: an orc zombie (100% to hit)
You miscast Dispel Undead.
You are very lightly contaminated with residual magic.
Nothing appears to happen.
The orc zombie hits you but does no damage.
Casting: Dispel Undead (dangerous; 12% risk of failure)
Confirm with . or Enter, or press ? or * to list all spells.
Aiming: Dispel Undead (dangerous; 12% risk of failure)
Press: ? - help, Shift-Dir - straight line, f/p - orc zombie
Aim: an orc zombie (100% to hit)
You miscast Dispel Undead.
You hear strange and distant voices!
You feel drained.
You die...
Your body crumbles into a pile of gold.

############
##........∩.##
######.....#......#
#.$..#....###.....#
o....'.{)..8...)@∩#
#.$$.#..{.###.)$Z.#
######.....#...)..#
##.o......∩.##
############


You could see an orc zombie.

Vanquished Creatures
  4 orc warriors
  2 ice beasts (D:6)
  An ogre (D:4)
  2 phantoms
  5 bullfrogs
  6 kobold brigands
  A scorpion (D:4)
  5 wights
  4 hounds
  A jelly (D:4)
  2 orc priests
  Jessica (D:2)
  An iguana (D:5)
  3 sleepcaps
  Ijyb (D:4)
  Natasha (thrice) (D:2)
  3 orc wizards
  Robin (D:3)
  4 gnolls (D:4)
  6 river rats (Sewer)
  11 adders
  2 shadow imps
  3 white imps
  2 ufetubi (D:7)
  2 dart slugs
  30 orcs
  7 endoplasms
  5 giant cockroaches
  15 goblins
  10 hobgoblins
  3 jackals (D:3)
  27 kobolds
  8 quokkas
  9 ball pythons
  4 bats
  3 frilled lizards
  2 kobold zombies (D:7)
  22 rats
221 creatures vanquished.

Notes
Turn   | Place    | Note
-------+----------+-------------------------------------------
     0 | D:1      | DildoBatman the Formicid Conjurer began the quest for the
                  | Orb.
     0 | D:1      | Reached XP level 1. HP: 13/13 MP: 3/3
    39 | D:1      | Found Nyongeps's Antique Armour Shoppe.
    71 | D:1      | Found Ginewuko's Antique Weapon Shop.
   209 | D:1      | Found a faded altar of an unknown god.
   239 | D:1      | Found Zuwux's Weapon Boutique.
   351 | D:1      | Found Myhicrin's Armour Shoppe.
   365 | D:1      | Reached XP level 2. HP: 20/20 MP: 1/5
   368 | D:1      | Learned a level 2 spell: Searing Ray
   558 | D:1      | Found Xyimym's Distillery.
   715 | D:1      | Reached skill level 1 in Fighting
   789 | D:1      | Reached XP level 3. HP: 26/26 MP: 3/6
  1172 | D:2      | Noticed Natasha
  1994 | D:3      | Reached skill level 1 in Armour
  2273 | D:3      | Reached XP level 4. HP: 32/32 MP: 3/7
  2907 | D:4      | Reached XP level 5. HP: 38/38 MP: 0/9
  3000 | D:4      | Learned a level 3 spell: Mephitic Cloud
  3208 | D:4      | Noticed Ijyb
  3589 | D:4      | Noticed an ogre
  3666 | D:5      | Entered Level 5 of the Dungeon
  3669 | D:5      | Noticed an orc warrior
  3850 | D:5      | Reached skill level 1 in Alchemy
  3894 | D:5      | Found a staircase to the Ecumenical Temple.
  3903 | Temple   | Entered the Ecumenical Temple
  3908 | Temple   | Became a worshipper of Kikubaaqudgha
  3952 | D:4      | Reached XP level 6. HP: 17/44 MP: 4/10
  4019 | D:3      | Learned a level 4 spell: Dispel Undead
  4033 | D:2      | Noticed Jessica
  4060 | D:2      | Killed Jessica
  4061 | D:2      | Reached skill level 1 in Air Magic
  4143 | D:2      | Killed Natasha
  4200 | D:2      | Noticed Natasha
  4210 | D:2      | Killed Natasha
  4531 | D:2      | Noticed Natasha
  4546 | D:2      | Killed Natasha
  4547 | D:2      | Reached skill level 2 in Alchemy
  4781 | D:3      | Noticed Robin
  4793 | D:3      | Killed Robin
  4802 | D:3      | Reached * piety under Kikubaaqudgha
  4802 | D:3      | Received a gift from Kikubaaqudgha
  4968 | D:4      | Reached XP level 7. HP: 51/51 MP: 5/11
  5022 | D:4      | Killed Ijyb
  5298 | D:4      | Reached skill level 3 in Alchemy
  5716 | D:5      | Reached XP level 8. HP: 58/58 MP: 9/13
  5738 | D:5      | Reached skill level 4 in Alchemy
  6259 | D:6      | Reached skill level 5 in Alchemy
  6414 | D:6      | Reached ** piety under Kikubaaqudgha
  6508 | D:6      | Found a glowing drain.
  6513 | Sewer    | Entered a sewer
  6618 | Sewer    | Reached skill level 5 in Conjurations
  6618 | Sewer    | Reached XP level 9. HP: 40/65 MP: 13/15
  6977 | Sewer    | Reached skill level 6 in Alchemy
  7120 | Sewer    | Reached *** piety under Kikubaaqudgha
  7120 | Sewer    | Received a gift from Kikubaaqudgha
  7354 | D:6      | Learned a level 3 spell: Vampiric Draining
  7460 | D:5      | Fell from the grace of Kikubaaqudgha
  7495 | Temple   | Became a worshipper of Gozag Ym Sagoz the Greedy
  7583 | D:6      | Learned a level 2 spell: Sublimation of Blood
  8138 | D:6      | Reached skill level 1 in Necromancy
  8845 | D:7      | Found a flagged portal.
  8941 | D:7      | Reached skill level 5 in Spellcasting
  8975 | D:7      | Reached skill level 5 in Fighting
  8977 | D:7      | Identified the +5 dagger of Deformation {venom, *Rage Str+4
                  | Int+2}
  8997 | D:7      | Found a broken altar of Ashenzari.
  9029 | D:7      | Found an iron altar of Okawaru.
  9253 | Bailey   | Entered a bailey
  9415 | Bailey   | Reached skill level 5 in Armour
  9415 | Bailey   | HP: 2/56 [orc warrior/+0 glaive (12)]
  9417 | Bailey   | Reached XP level 10. HP: 3/64 MP: 14/17
  9418 | Bailey   | Killed by miscasting Dispel Undead

Illustrated notes

Levels and vault maps discovered:
D:1:      amcnicky_arrival_blooded_trapdoor, layout_loops_corners,
          shapermc_ecumenical_altar_venn, serial_shops,
          nicolae_shop_advertising_works [nicolae_subvault_shop_adworks], shop,
          shop, shop, nicolae_shop_tiny_real_fake_doors
D:2:      layout_basic, kennysheep_jessica_study, uniq_natasha
D:3:      layout_loops_corners, uniq_robin
D:4:      wad_pebble_path, layout_basic, nicolae_goblin_pals
D:5:      layout_cave_pools, minmay_temple_entry_crystal_x
D:6:      layout_loops_ring, gup_sewer_entry_spiral
D:7:      layout_rooms, lemuel_doored_altar, old_standard_altar, enter_bailey_2,
          biasface_ghost_orc_armoury
Temple:   nicolae_temple_bog_church
Bailey:   bailey_polearm_5, bailey

Skill      XL: |  1  2  3  4  5  6  7  8  9 |
---------------+----------------------------+-----
Fighting       | 1 2 3 5 |  5.0
Dodging        | 2 3 |  3.0
Stealth        | 3 4 |  4.0
Armour         | 1 2 3 5 |  5.0
Conjurations   | 4 5 |  5.8
Alchemy        | 1 2 3 5 6 |  6.0
Air Magic      | 1 2 3 4 |  4.0
Spellcasting   | 3 4 5 |  5.2
Necromancy     | 3 |  3.3

Action                     |  1- 3 |  4- 6 |  7- 9 | 10-12 || total
---------------------------+-------+-------+-------+-------++-------
  Melee: Dagger            |     4 |       |    43 |       ||    47
         Short sword       |     1 |       |    61 |       ||    62
         Quarterstaff      |       |    21 |       |       ||    21
         Punch             |       |     3 |     2 |       ||     5
         Unarmed           |       |    12 |       |       ||    12
         Club              |       |    42 |   125 |       ||   167
  Throw: Dart              |       |       |    11 |       ||    11
   Cast: Magic Dart        |    66 |    76 |    80 |       ||   222
         Searing Ray       |       |     7 |    36 |       ||    43
         Mephitic Cloud    |       |    10 |    36 |       ||    46
 Invoke: Renounce Religion |       |       |     1 |       ||     1
Ability: Dig               |       |       |     1 |       ||     1
  Evoke: Wand              |       |     2 |       |       ||     2
    Use: Scroll            |       |     1 |     6 |       ||     7
         Potion            |       |       |     2 |       ||     2
   Stab: Sleeping          |     1 |       |       |       ||     1
         Confused          |       |     6 |    18 |       ||    24
 Armour: Robe              |     8 |    39 |   124 |     1 ||   172
         Skin              |       |     5 |    13 |       ||    18
  Dodge: Dodged            |    12 |    61 |   125 |       ||   198
